 Dungeon Crawl Stone Soup version 0.20-a0-1020-g7b9e4fe (console) character file.

76 nht the Insei (level 4, 0/35 HPs)
             Began as a Draconian Transmuter on Apr 18, 2017.
             Slain by a goblin (5 damage)
             ... led by Robin
             ... on level 2 of the Dungeon.
             The game lasted 00:02:30 (1446 turns).

nht the Insei (Draconian Transmuter)                Turns: 1446, Time: 00:02:31

Health: 0/35       AC:  2    Str: 10 (12) XL:     4   Next: 12%
Magic:  2/7        EV: 19    Int: 11 (14) God:
Gold:   87         SH:  0    Dex: 15 (17) Spells: 3/7 levels left

rFire    . . .     SeeInvis .     - Unarmed
rCold    . . .     Gourm    .   (shield currently unavailable)
rNeg     . . .     Faith    .   (armour unavailable)
rPois    x         Spirit   .   (helmet currently unavailable)
rElec    .         Reflect  .   (cloak currently unavailable)
rCorr    +         Harm     .   (gloves currently unavailable)
MR       .....                  (boots currently unavailable)
Stlth    +.........             (no amulet)
Regen    0.2/turn               k - ring of resist corrosion
MPRegen  0.1/turn               (no ring)

@: spider-form (expiring), very slightly contaminated
A: unfitting armour, AC +5
a: End Transformation


You were on level 2 of the Dungeon.
You were not hungry.
You were a venomous arachnid creature.
You visited 1 branch of the dungeon, and saw 2 of its levels.

You collected 87 gold pieces.

Inventory:

Missiles
 a - 41 arrows
Armour
 i - a +1 pair of boots (melded)
Jewellery
 k - a ring of resist corrosion (left front leg)
Scrolls
 e - 2 scrolls of fog {unknown}
 g - a scroll of blinking {unknown}
 h - 2 scrolls of magic mapping {unknown}
 j - 2 scrolls of teleportation {unknown}
Books
 b - a book of Changes

   Spells                             Type                      Level
   a - Beastly Appendage              Transmutation                1
   b - Sticks to Snakes               Transmutation                2
   c - Spider Form                    Transmutation/Poison         3
   d - Ice Form                       Ice/Transmutation            4
   e - Blade Hands                    Transmutation                5
Comestibles
 c - 2 bread rations
 d - 9 chunks of flesh


   Skills:
 - Level 1.1 Fighting
 - Level 1.7 Dodging
 * Level 4.4 Unarmed Combat
 - Level 2.0 Spellcasting
 + Level 3.0 Transmutations


You had 3 spell levels left.
You knew the following spells:

 Your Spells              Type           Power        Failure   Level  Hunger
a - Beastly Appendage     Tmut           #.....       24%         1    ##.....
b - Spider Form           Tmut/Pois      #.........   69%         3    ####...


Dungeon Overview and Level Annotations

Branches:
Dungeon (2/15)

Altars:

Annotations:
D:2 Robin


Innate Abilities, Weirdness & Mutations

((Your plain brown scales are hard. (AC +5)))
You cannot fit into any form of body armour.
((You are cold-blooded and may be slowed by cold attacks.))


Message History

Robin points. "Kill!"
Robin throws the goblin at you! The goblin hits you.
* * * LOW HITPOINT WARNING * * *
The goblin misses you. x2
You closely miss the goblin. The goblin misses you.
The goblin closely misses you. The goblin completely misses you. x2
You bite the goblin!
You kill the goblin!
Robin throws the goblin at you! The goblin closely misses you.
The goblin misses you. The goblin hits you.
* * * LOW HITPOINT WARNING * * *
You hit the goblin.
The goblin is moderately wounded.
The goblin misses you. x2; The goblin barely misses you.
You hit the goblin.
You kill the goblin!
The goblin barely misses you. The goblin misses you.
The goblin no longer looks unusually strong.
The goblin hits you.
You die...

█.██
██████.█
█..█
█......█
██.█
█.██████
█.██ █.█
██..█ █
█.█
....█.█
█.█
....█.█
█.█
......█
█.█
......█


██████s█ ......█ █.g.ggg█ ..█..>█ .....gg███ .██████ ......g ....█ .......
███.███████.... █(.....█ █████ █......█ ██......█ You could see Robin, a
hobgoblin and 5 goblins.

Vanquished Creatures
  2 adders (D:2)
  A dart slug (D:1)
  2 leopard geckos (D:1)
  An orc (D:1)
  6 bats
  A giant cockroach (D:2)
  10 goblins
  7 hobgoblins
  A quokka (D:2)
  6 frilled lizards
  6 kobolds
  11 rats
54 creatures vanquished.

Notes
Turn   | Place    | Note
-------+----------+-------------------------------------------
     0 | D:1      | nht the Draconian Transmuter began the quest for the Orb.
     0 | D:1      | Reached XP level 1. HP: 16/16 MP: 3/3
   134 | D:1      | Reached XP level 2. HP: 10/23 MP: 5/5
   681 | D:1      | Reached XP level 3. HP: 19/28 MP: 4/6
  1011 | D:1      | Learned a level 3 spell: Spider Form
  1063 | D:2      | Reached skill level 4 in Unarmed Combat
  1297 | D:2      | Reached XP level 4. HP: 30/35 MP: 7/7
  1433 | D:2      | Noticed Robin
  1446 | D:2      | Slain by a goblin

Vault maps used:
D:1:      nagdon_arrival_double_spiral, minmay_pentomino_u4
D:2:      uniq_robin

Skill      XL: |  1  2  3 |
---------------+----------+-----
Unarmed Combat | 4 |  4.4
Transmutations | 3 |  3.0
Fighting       | |  1.1
Dodging        | |  1.7
Spellcasting   | |  2.0

Action                   |  1- 3 |  4- 6 || total
-------------------------+-------+-------++-------
Melee: Unarmed           |   161 |    17 ||   178
       Headbutt          |    14 |       ||    14
       Tailslap          |    10 |       ||    10
       Kick              |     9 |       ||     9
 Cast: Beastly Appendage |    26 |     1 ||    27
       Spider Form       |       |     1 ||     1
  Use: Potion            |       |     1 ||     1
 Stab: Sleeping          |     1 |       ||     1
  Eat: Chunk             |     2 |     1 ||     3
Armor: Skin              |    50 |     8 ||    58
Dodge: Dodged            |    99 |    37 ||   136
